 Dungeon Crawl Stone Soup version 0.30.1-3-gfc49f6343a (webtiles) character file.

Game seed: 15597203994750185171

133 Cheops the Ruffian (level 4, -1/40 (44) HPs)
             Began as a Troll Fighter on July 26, 2023.
             Slain by a goblin
             ... wielding a +0 dagger
             ... led by Robin
              (2 damage)
             ... on level 3 of the Dungeon.
             The game lasted 00:03:33 (1537 turns).

Cheops the Ruffian (Troll Fighter)                  Turns: 1537, Time: 00:03:34

HP:   -1/40 (44)    AC:  5    Str: 24    XL:     4   Next: 94%
MP:   3/3           EV:  8    Int:  6    God:
Gold: 96            SH:  7    Dex:  9    Spells: 3/3 levels left

rFire   . .          .
                       - Unarmed
rCold   . . .        b - +0 kite shield
rNeg    . . .        a - +0 robe
rPois   .            (helmet restricted)
rElec   .            q - +0 cloak
rCorr   .            (gloves unavailable)
SInv    .            (boots unavailable)
Will    .....        (no amulet)
Stlth   +            (no ring)
HPRegen 1.06/turn    (no ring)
MPRegen 0.08/turn

%: no passive effects
@: drained
A: large, unfitting armour, claws 3, regeneration 1, shaggy fur 1, tough skin 1
a: no special abilities


You were on level 3 of the Dungeon.
You visited 1 branch of the dungeon, and saw 3 of its levels.

You collected 96 gold pieces.

Inventory:

Armour
 a - a +0 robe (worn)
 b - a +0 kite shield (worn)
 q - a +0 cloak (worn)
Wands
 p - a wand of flame (16)
Scrolls
 g - a scroll of fear {unknown}
 h - a scroll of identify {unknown}
 l - a scroll of blinking {unknown}
 m - a scroll of enchant weapon {unknown}
 n - a scroll of amnesia {unknown}
Potions
 c - a potion of might
 d - a potion of magic {unknown}
 e - a potion of invisibility {unknown}
 f - 2 potions of curing {unknown}
 i - a potion of flight {unknown}
 j - a potion of lignification {unknown}
 k - a potion of haste {unknown}
 o - a potion of attraction {unknown}


   Skills:
 - Level 2.4 Fighting
 - Level 2.4 Dodging
 - Level 2.6 Shields
 + Level 5.2 Unarmed Combat


You had 3 spell levels left.
You didn't know any spells.
Your spell library contained the following spells:

 Spells                   Type           Power      Damage    Failure   Level
 Ensorcelled Hibernation  Hex/Ice        0%         N/A       86%         2
 Passwall                 Tmut/Erth      0%         N/A       86%         2
 Swiftness                Air            0%         N/A       97%         3


Dungeon Overview and Level Annotations

Branches:
Dungeon (3/15)

Altars:

Annotations:
D:3 Ijyb, Robin


Innate Abilities, Weirdness & Mutations

You are too large for most types of armour.
You have claws for hands.
Your natural rate of healing is unusually fast.
You are covered in fur. (AC +1)
You have tough skin. (AC +1)


Message History

The rat bites you but does no damage. You block the hobgoblin's attack.
Ijyb screams, "It's all mine!"
You block Ijyb's attack.
The goblin hits you but does no damage. x2
You closely miss Ijyb.
The goblin shouts!
You block the rat's attack.
A frilled lizard comes into view.
The hobgoblin hits you. Robin throws the goblin at you!
Ijyb hits you with a +1 dagger of draining.
* * * LOW HITPOINT WARNING * * *
You feel drained.
* * * LOW HITPOINT WARNING * * *
The goblin hits you but does no damage. The goblin barely misses you.
The goblin misses you. The goblin hits you with a +0 club.
* * * LOW HITPOINT WARNING * * *
You are too injured to fight recklessly!
You are too injured to fight recklessly!
You are too injured to fight recklessly!
You are too injured to fight recklessly!
The frilled lizard hisses angrily.
You scratch the rat.
The rat is severely wounded.
The rat barely misses you. The hobgoblin hits you.
* * * LOW HITPOINT WARNING * * *
Ijyb barely misses you. You block the goblin's attack.
The goblin closely misses you.
The goblin hits you but does no damage. x2
You claw the rat!
You kill the rat!
The hobgoblin barely misses you. Ijyb barely misses you.
You block the goblin's attack. x3
Ijyb hits you with a +1 dagger of draining!
* * * LOW HITPOINT WARNING * * *
You feel drained.
* * * LOW HITPOINT WARNING * * *
The goblin hits you but does no damage. The goblin hits you with a +0 dagger.
* * * LOW HITPOINT WARNING * * *
The goblin hits you but does no damage.
You see here a rat corpse.
The goblin attacks as you move away! The goblin hits you with a +0 dagger.
You die...

.. ....
##. .g. ..
gg #.#
#K#####
..#......#
#...g.....
#ggg......
#ggg......
#g@g......
#.<.......
#...$.....
##........
.........
.........
#.........
#.........
..........


You could see Ijyb (strong), Robin, 3 hobgoblins, 7 goblins and a kobold.

Vanquished Creatures
  Crazy Yiuf (D:2)
  A gnoll (D:1)
  5 adders (D:2)
  3 worms (D:2)
  An orc (D:3)
  5 ball pythons
  4 bats
  2 endoplasms
  A giant cockroach (D:1)
  3 goblins
  9 hobgoblins
  2 quokkas
  2 frilled lizards
  4 kobolds
  3 rats
46 creatures vanquished.

Notes
Turn   | Place    | Note
-------+----------+-------------------------------------------
     0 | D:1      | Cheops the Troll Fighter began the quest for the Orb.
     0 | D:1      | Reached XP level 1. HP: 22/22 MP: 0/0
    89 | D:1      | Reached XP level 2. HP: 29/29 MP: 1/1
   184 | D:1      | Reached skill level 3 in Unarmed Combat
   319 | D:1      | Reached XP level 3. HP: 36/36 MP: 2/2
   633 | D:2      | Found a faded altar of an unknown god.
   655 | D:2      | Reached skill level 4 in Unarmed Combat
   718 | D:2      | Reached XP level 4. HP: 44/44 MP: 3/3
  1118 | D:2      | Found a runed translucent door.
  1119 | D:2      | Noticed Crazy Yiuf
  1382 | D:2      | Killed Crazy Yiuf
  1383 | D:2      | Reached skill level 5 in Unarmed Combat
  1525 | D:3      | Noticed Robin
  1526 | D:3      | Noticed Ijyb
  1536 | D:3      | HP: 1/40 [goblin/+0 dagger[Robin] (5)]
  1537 | D:3      | Slain by a goblin

Illustrated notes

Levels and vault maps discovered:
D:1:      psy_arrival_whirlpool, layout_rooms
D:2:      layout_loops_ring, shapermc_ecumenical_altar_ellora,
          reono_crystal_passage, uniq_crazy_yiuf_cottage
D:3:      layout_rooms, trog_hazing_becter, grunt_ministairs_15,
          hangedman_decor_push, ebering_dispersal_statue_hall, minivault_26,
          serial_bayou_lagoon_b, uniq_ijyb, uniq_robin, uniq_natasha

Skill      XL: |  1  2  3  4 |
---------------+-------------+-----
Unarmed Combat | 3 4 5 |  5.2
Fighting       | |  2.4
Dodging        | |  2.4
Shields        | |  2.6

Action                     |  1- 3 |  4- 6 || total
---------------------------+-------+-------++-------
  Melee: Unarmed           |    94 |    63 ||   157
   Stab: Sleeping          |       |     2 ||     2
 Armour: Robe              |    31 |    17 ||    48
  Dodge: Dodged            |    26 |    22 ||    48
  Block: Kite shield       |    34 |    29 ||    63
